 Dungeon Crawl Stone Soup version 0.27.1-34-g3ba077fa99 (webtiles) character file.

Game seed: 15004293252689407679

101 cbfl8 the Sneak (level 4, -8/40 HPs)
             Began as a Minotaur Delver on Jan 20, 2022.
             Shot with an arrow by a centaur (11 damage)
             ... on level 5 of the Dungeon.
             The game lasted 00:00:35 (127 turns).

cbfl8 the Sneak (Minotaur Delver)                    Turns: 127, Time: 00:00:36

Health: -8/40      AC:  3    Str: 17    XL:     4   Next: 48%
Magic:  3/3        EV: 12    Int:  8    God:
Gold:   0          SH:  0    Dex: 11    Spells: 3/3 levels left

rFire    . . .     SeeInvis .   a - +0 hand axe
rCold    . . .     Faith    .   (no shield)
rNeg     . . .     Spirit   .   b - +0 leather armour
rPois    .         Reflect  .   (helmet restricted)
rElec    .         Harm     .   (no cloak)
rCorr    .         Rampage  .   (no gloves)
Will     .....                  (no boots)
Stlth    +++.......             (no amulet)
HPRegen  0.13/turn              (no ring)
MPRegen  0.08/turn              (no ring)

@: no status effects
A: horns 2, retaliatory headbutt
a: no special abilities


You were on level 5 of the Dungeon.
You visited 1 branch of the dungeon, and saw 1 of its levels.

Inventory:

Hand Weapons
 a - a +0 hand axe (weapon)
 j - a +3 quarterstaff
Armour
 b - a +0 leather armour (worn)
Jewellery
 h - a +4 ring of protection
Wands
 g - a wand of digging (3)
 i - a wand of flame (16)
Scrolls
 c - a scroll of fog
 d - a scroll of magic mapping
 e - a scroll of fear
 k - a scroll of enchant armour {unknown}
Potions
 f - a potion of haste


   Skills:
 + Level 4.1 Fighting
 + Level 2.7 Axes
 + Level 0.7 Armour
 + Level 2.4 Dodging
 + Level 5.3 Stealth


You had 3 spell levels left.
You didn't know any spells.
Your spell library contained the following spells:

 Spells                   Type           Power      Damage    Failure   Level
 Corpse Rot               Necr/Air       N/A        N/A       61%         2
 Dispel Undead            Necr           0%         3d6       99%         4
 Death Channel            Necr           0%         N/A       100%        6


Dungeon Overview and Level Annotations

Branches:
Dungeon (5/15)
 Temple: D:4-7

Altars:


Innate Abilities, Weirdness & Mutations

You have a pair of horns on your head.
You reflexively headbutt those who attack you in melee.


Message History

The centaur wields a +0 shortbow.
The centaur shoots an arrow.
The arrow misses you.
The centaur shoots an arrow.
The arrow closely misses you.
The centaur shoots an arrow.
The arrow barely misses you.
The centaur shoots an arrow.
The arrow barely misses you.
The centaur shoots an arrow.
The arrow hits you.
The howler monkey zombie hits you but does no damage.
An orc comes into view. It is wielding a +0 trident.
An orc comes into view. It is wielding a +0 dagger.
The centaur shoots an arrow.
The arrow barely misses you.
You see here a book of Decay.
You pick up a book of Decay and begin reading...
You add the spells Corpse Rot, Dispel Undead and Death Channel to your library.
The centaur shoots an arrow.
The arrow hits you.
* * * LOW HITPOINT WARNING * * *
The howler monkey zombie hits you but does no damage.
An orc wizard comes into view. It is wielding a +0 dagger.
Found 12 gold pieces.
The centaur shoots an arrow.
The arrow barely misses you.
The centaur shoots an arrow.
The arrow hits you!
* * * LOW HITPOINT WARNING * * *
The orc wizard moves out of view.
The orc barely misses you.
Found a quarterstaff.
The orc shouts!
The orc wizard shouts!
The orc barely misses you. You furiously retaliate!
You headbutt the orc.
An orc comes into view.
It is wielding a +2 short sword of draining.
The orc closely misses you.
The orc unwields a +2 short sword of draining.
The orc wields a +0 fustibalus.
The orc shoots a sling bullet.
The sling bullet barely misses you.
The orc shoots a sling bullet.
The sling bullet barely misses you.
The sling bullet hits the orc.
The howler monkey zombie misses you. The orc completely misses you.
The orc shoots a sling bullet.
The sling bullet hits you.
* * * LOW HITPOINT WARNING * * *
The orc wizard barely misses you. You furiously retaliate!
You headbutt the orc wizard.
The orc shoots a sling bullet.
The sling bullet completely misses you.
The centaur shoots an arrow.
The arrow hits you!
You die...

###.##...................
#.#....................
.#.#.#..................
..$..##.................
###....Z................
......ooo..............>
#.##.)co....... ....#...
#. ##.......... ....####
##.@....... #..
............... .<
..####.........
.......... ####.......
#...... ##.... ....


You could see a centaur, an orc wizard, 3 orcs and a howler monkey zombie.

Vanquished Creatures
  A bullfrog zombie (D:5)
  A centaur zombie (D:5)
  A centaur skeleton (D:5)
  An adder (D:5)
4 creatures vanquished.

Notes
Turn   | Place    | Note
-------+----------+-------------------------------------------
     0 | D:5      | cbfl8 the Minotaur Delver began the quest for the Orb.
     0 | D:5      | Reached XP level 1. HP: 19/19 MP: 0/0
    57 | D:5      | Reached XP level 2. HP: 24/27 MP: 1/1
    92 | D:5      | Reached XP level 3. HP: 18/33 MP: 2/2
    95 | D:5      | Reached skill level 5 in Stealth
    95 | D:5      | Reached XP level 4. HP: 17/40 MP: 3/3
   107 | D:5      | Noticed a centaur
   118 | D:5      | HP: 2/40 [centaur/arrow (7)]
   124 | D:5      | HP: 2/40 [orc/sling bullet (1)]
   127 | D:5      | Shot with an arrow by a centaur

Illustrated notes

Levels and vault maps discovered:
D:5:      layout_rooms

Skill      XL: |  1  2  3 |
---------------+----------+-----
Fighting       | 4 |  4.1
Stealth        | 5 |  5.3
Axes           | |  2.7
Armour         | |  0.7
Dodging        | |  2.4

Action                   |  1- 3 |  4- 6 || total
-------------------------+-------+-------++-------
Melee: Hand axe          |     8 |     4 ||    12
       Headbutt          |     3 |       ||     3
Armor: Leather armour    |     5 |     3 ||     8
Dodge: Dodged            |    13 |    19 ||    32
